Map: Coda EC

Players

AgCl - Winner!

  • Race: Protoss Protoss
  • League: Grandmaster

Passer

  • Race: Terran Terran
  • League: Grandmaster

VOD

Have the link to the VOD?

Description

Time

  • Played on: June 5, 2015, 11:35 p.m.
  • Length: 7:46
Show
View Real Time Build Order
Export as new Build Order

AgCl Protoss - Winner!

Build Orders: Carrier Rush 

Get SALT Encoding   

  12  0:16  Pylon  
  12  0:21  Probe  
  13  0:35  Probe  
  13  0:40  Gateway  
  14  0:48  Probe  
  15  0:57  Assimilator  
  15  1:00  Probe  
  16  1:12  Probe  
  16  1:16  Pylon  
  17  1:24  Probe  
  18  1:29  Zealot (Chrono Boost)  
  20  1:36  Probe (Chrono Boost)  
  20  1:37  Cybernetics Core  
  22  1:47  Probe (Chrono Boost)  
  22  1:54  Probe (Chrono Boost)  
  23  2:05  Probe (Chrono Boost), Assimilator  
  24  2:15  Probe (Chrono Boost)  
  25  2:29  Mothership Core (Chrono Boost), Nexus  
  26  2:43  Probe (Chrono Boost)  
  27  2:55  Probe  
  28  3:00  Stargate  
  28  3:03  Pylon, Warp Gate  
  28  3:07  Probe (Chrono Boost)  
  29  3:19  Probe (Chrono Boost)  
  30  3:26  Probe (Chrono Boost)  
  31  3:36  Probe (Chrono Boost)  
  31  3:38  Assimilator  
  32  3:45  Fleet Beacon  
  32  3:47  Probe (Chrono Boost)  
  32  3:48  Probe (Chrono Boost)  
  35  3:56  Probe (Chrono Boost)  
  35  3:57  Assimilator  
  35  3:58  Probe (Chrono Boost)  
  36  4:03  Probe  
  36  4:06  Probe  
  36  4:07  Carrier (Chrono Boost)  
  36  4:09  Pylon  
  38  4:15  Probe  
  39  4:18  Probe  
  39  4:21  Adept  
  42  4:30  Probe (Chrono Boost)  
  50  4:37  Probe (Chrono Boost)  
  50  4:40  Probe (Chrono Boost)  
  50  4:44  Graviton Catapult, Probe (Chrono Boost)  
  52  4:47  Probe  
  53  4:55  Probe  
  53  4:58  Protoss Air Weapons Level 1  
  53  4:59  Probe  
  55  5:07  Probe  
  56  5:14  Probe  
  56  5:18  Gateway  
  57  5:23  Probe  
  57  5:27  Carrier (Chrono Boost)  
  58  5:30  Pylon  
  58  5:36  Gateway  
  58  5:37  Gateway  
  58  5:39  Probe  
  58  5:41  Probe  
  65  5:54  Adept  
  65  5:55  Probe  
  68  6:00  Probe  
  61  6:07  Probe  
  62  6:12  Forge, Pylon  
  62  6:26  Adept  
  62  6:27  Adept  
  56  6:48  Pylon  
  52  7:07  Probe (Chrono Boost), Photon Cannon  
  58  7:15  Probe (Chrono Boost)  
  58  7:17  Adept x2  
  58  7:18  Adept  
  64  7:32  Photon Cannon  
  64  7:33  Probe  
Show
View Real Time Build Order
Export as new Build Order

Passer Terran 

Build Orders:  

Get SALT Encoding   

  12  0:03  SCV  
  13  0:15  SCV  
  13  0:18  Supply Depot  
  14  0:28  SCV, Supply Depot  
  15  0:44  Refinery  
  15  0:49  SCV  
  16  1:00  Barracks  
  16  1:02  SCV  
  17  1:14  SCV  
  18  1:26  SCV  
  19  1:35  Command Center  
  19  1:51  Marine  
  20  1:58  Orbital Command  
  19  2:09  Marine  
  20  2:26  SCV  
  20  2:27  Marine  
  20  2:28  Supply Depot  
  22  2:40  SCV  
  22  2:42  Barracks  
  22  2:44  Barracks  
  23  2:49  Marine  
  24  2:52  SCV  
  24  2:54  Factory  
  24  3:02  Orbital Command  
  24  3:07  Marine  
  24  3:08  SCV  
  26  3:25  Marine  
  26  3:26  SCV  
  28  3:32  Barracks Tech Lab  
  28  3:34  Barracks Reactor  
  28  3:40  SCV, Widow Mine  
  31  3:41  Refinery  
  31  3:42  Orbital Command  
  31  3:43  Marine  
  31  3:45  Starport  
  32  3:56  SCV  
  32  3:57  Engineering Bay  
  32  4:01  Marine  
  34  4:07  Marine  
  35  4:18  SCV  
  35  4:23  Widow Mine, Medivac  
  40  4:29  Marine, Marauder  
  40  4:30  SCV  
  44  4:41  Missile Turret  
  44  4:50  Marauder  
  46  5:00  Supply Depot  
  46  5:02  Missile Turret  
  46  5:13  Factory Reactor  
  46  5:14  Starport Tech Lab  
  46  5:18  Barracks Reactor  
  46  5:22  SCV x2, Marauder, Marine x2  
  46  5:28  Refinery  
  52  5:34  SCV x2  
  54  5:44  Liberator  
  54  5:53  SCV  
  54  5:54  Marine  
  50  5:57  Marauder, Marine x2  
  53  6:05  SCV  
  54  6:16  Supply Depot  
  54  6:17  SCV x2, Starport, Marine x2  
  54  6:18  Supply Depot, Marine x3  
  61  6:35  Marine x2  
  56  6:49  Marine x2  
  56  6:50  Marine  
  59  7:00  Marine  
  59  7:01  Marine  
  55  7:07  Viking, Marine x2  
  55  7:08  Widow Mine x2, Marauder  
  57  7:18  Marine x2  
  53  7:25  Marine x2  
  53  7:32  SCV  
Tags
 
Add a new tag
Caveats
  • Supply blocks, unpowered buildings, or Contaminate may cause inaccurate times.
  • Supply counts are checked every 10 seconds.